 Dungeon Crawl Stone Soup version 0.28.0-1-gb440e238dd (webtiles) character file.

Game seed: 14489715354035669760

95 Angani the Bolt Thrower (level 4, 0/40 HPs)
             Began as a Draconian Hunter on Feb 19, 2022.
             Was a Follower of the Shining One.
             Slain by a gnoll (6 damage)
             ... on level 2 of the Dungeon.
             The game lasted 00:02:51 (1716 turns).

Angani the Bolt Thrower (Draconian Hunter)          Turns: 1716, Time: 00:02:51

Health: 0/40       AC:  5    Str: 11 (14) XL:     4   Next: 40%
Magic:  4/4        EV: 11    Int: 15 (16) God:    the Shining One [*.....]
Gold:   77         SH:  0    Dex:  8 (9)  Spells: 3/3 levels left

rFire   . . .      SeeInvis .   b - +2 hand axe (vorpal)
rCold   . . .      Faith    .   (no shield)
rNeg    . . .      Spirit   .   (armour unavailable)
rPois   .          Reflect  .   (helmet restricted)
rElec   .          Harm     .   (no cloak)
rCorr   .          Rampage  .   (no gloves)
Will    .....                   (no boots)
Stlth   +.........              (no amulet)
HPRegen 0.13/turn               (no ring)
MPRegen 0.09/turn               (no ring)

@: glowing
A: AC +5, unfitting armour, cold-blooded, stinger 1, clever 1, clumsy 1
a: Renounce Religion, Divine Shield


You were on level 2 of the Dungeon.
You worshipped the Shining One.
The Shining One was aware of your devotion.
You visited 1 branch of the dungeon, and saw 3 of its levels.

You collected 77 gold pieces.

Inventory:

Hand Weapons
 a - a +1 hand crossbow
 b - a +2 vorpal hand axe (weapon)
Missiles
 c - 19 bolts
Scrolls
 f - a scroll of silence {unknown}
 g - a scroll of blinking {unknown}
 h - a scroll of enchant armour {unknown}
 i - a scroll of holy word {unknown}
 l - a scroll of amnesia {unknown}
Potions
 d - a potion of haste
 e - a potion of might
 j - a potion of flight {unknown}
 k - a potion of degeneration


   Skills:
 + Level 4.0 Fighting
 + Level 4.5 Crossbows
 - Level 1.7 Dodging
 - Level 0.8 Stealth


You had 3 spell levels left.
You didn't know any spells.
Your spell library contained the following spells:

 Spells                   Type           Power      Damage    Failure   Level
 Frozen Ramparts          Ice            0%         1d2       63%         3
 Ice Form                 Ice/Tmut       0%         N/A       95%         4
 Summon Ice Beast         Ice/Summ       0%         N/A       95%         4


Dungeon Overview and Level Annotations

Branches:
Dungeon (3/15)

Altars:
The Shining One


Innate Abilities, Weirdness & Mutations

Your plain brown scales are hard. (AC +5)
You cannot fit into any form of body armour.
You are cold-blooded and may be slowed by cold attacks.
Your tail ends in a venomous barb.
Your mind is acute. (Int +2)
You are clumsy. (Dex -2)


Message History

Found a smoky sapphire potion and an opal ring.
There is a stone staircase leading up here.
Unknown command.
You climb upwards.
There is a stone staircase leading down here.
There is an open door here.
You see here 3 javelins.
There is a stone staircase leading down here.
You climb downwards.
The gnoll shouts! x2
The gnoll misses you. The gnoll hits you with a +0 flail!
There is a stone staircase leading up here.
Unknown command.
The gnoll hits you with a +0 flail.
The gnoll hits you with a +0 flail of protection.
You climb upwards.
There is a stone staircase leading down here.
Unknown command.
You hit the gnoll.
The gnoll is heavily wounded.
You hit the gnoll. The gnoll hits you with a +0 flail.
The gnoll closely misses you. The gnoll hits you with a +0 flail!
The gnoll closely misses you.
You hit the gnoll but do no damage. You tail-slap the gnoll.
The gnoll is severely wounded.
You hit the gnoll but do no damage. The gnoll hits you with a +0 flail.
* * * LOW HITPOINT WARNING * * *
The gnoll hits you with a +0 flail of protection.
* * * LOW HITPOINT WARNING * * *
Unknown command.
It was a potion of degeneration.
There was something very wrong with that liquid.
You feel weakened.
You feel dopey.
You feel clumsy. The gnoll closely misses you. The gnoll barely misses you.
It was a potion of mutation.
You feel extremely strange.
A venomous barb forms on the end of your tail.
You feel clumsy.
You feel clever. The gnoll closely misses you.
The gnoll hits you with a +0 flail of protection.
You die...

#.....############.
##.#### #. #.#
########## #.#####
#......... #.....#
#.########
#.###.###.....#...
#.# #.........#.##
#g#######.....#.#.
#@g............)).
##############....
####. ####.
####.... #.......
#......# #......#
####'###


You could see 2 gnolls.

Vanquished Creatures
  An orc wizard (D:2)
  3 gnolls (D:2)
  2 dart slugs
  An orc (D:2)
  3 endoplasms
  3 giant cockroaches
  4 hobgoblins
  2 jackals (D:1)
  2 kobolds (D:1)
  2 quokkas
  4 ball pythons
  3 bats
  3 frilled lizards (D:1)
  7 rats
40 creatures vanquished.

Vanquished Creatures (others)
  5 toadstools (D:1)
5 creatures vanquished.

Grand Total: 45 creatures vanquished

Notes
Turn   | Place    | Note
-------+----------+-------------------------------------------
     0 | D:1      | Angani the Draconian Hunter began the quest for the Orb.
     0 | D:1      | Reached XP level 1. HP: 17/17 MP: 1/1
   233 | D:1      | Reached XP level 2. HP: 16/25 MP: 2/2
   468 | D:1      | Found a faded altar of an unknown god.
   474 | D:1      | Prayed at the altar of an unknown god.
   474 | D:1      | Became a worshipper of the Shining One
   474 | D:1      | Reached * piety under the Shining One
   813 | D:2      | Reached XP level 3. HP: 29/31 MP: 3/3
  1130 | D:2      | Reached XP level 4. HP: 32/40 MP: 4/4
  1716 | D:2      | Gained mutation: Your tail ends in a venomous barb. [potion
                  | of mutation]
  1716 | D:2      | Gained mutation: You are clumsy. (Dex -2) [potion of
                  | mutation]
  1716 | D:2      | Gained mutation: Your mind is acute. (Int +2) [potion of
                  | mutation]
  1716 | D:2      | Slain by a gnoll

Illustrated notes

Levels and vault maps discovered:
D:1:      ldierk_walled_garden, layout_rooms,
          dreamdust_ecumenical_altar_angels_and_demons
D:2:      layout_basic
D:3:      layout_rooms

Skill      XL: |  1  2  3  4 |
---------------+-------------+-----
Crossbows      | 4 |  4.5
Fighting       | 3 4 |  4.0
Dodging        | |  1.7
Stealth        | |  0.8

Action                   |  1- 3 |  4- 6 || total
-------------------------+-------+-------++-------
Melee: Hand axe          |    54 |    10 ||    64
       Short sword       |     4 |       ||     4
       Tailslap          |     5 |     2 ||     7
       Punch             |     1 |       ||     1
 Fire: Hand crossbow     |     9 |       ||     9
  Use: Scroll            |     2 |       ||     2
       Potion            |       |     2 ||     2
Armor: Skin              |    18 |     3 ||    21
Dodge: Dodged            |    42 |    12 ||    54
